Map: Acropolis LE

Players

Elazer - Winner!

  • Race: Zerg Zerg
  • Spawn Location: 5:00

DisK

  • Race: Protoss Protoss
  • Spawn Location: 11:00

VOD

Have the link to the VOD?

Description

Time

  • Played on: Sept. 6, 2019, 3:38 p.m.
  • Length: 8:45
Show
View Real Time Build Order
Export as new Build Order

Elazer Zerg - Winner!

Build Orders: Hatch First 

Get SALT Encoding   

  12  0:00  Drone  
  13  0:12  Overlord  
  13  0:16  Drone  
  14  0:30  Drone x2  
  16  0:46  Hatchery  
  15  0:50  Drone  
  15  0:54  Drone  
  17  0:57  Drone  
  18  1:07  Extractor  
  17  1:12  Spawning Pool  
  17  1:15  Drone  
  17  1:18  Drone  
  18  1:28  Drone  
  19  1:38  Drone  
  20  1:49  Drone  
  21  1:58  Queen x2  
  21  2:00  Overlord, Zergling x2  
  26  2:10  Zergling x2  
  26  2:11  Drone  
  28  2:23  Drone x2  
  28  2:26  Hatchery  
  29  2:31  Drone  
  29  2:32  Drone  
  31  2:39  Queen  
  33  2:45  Metabolic Boost  
  33  2:48  Overlord  
  33  2:51  Drone  
  34  2:53  Drone  
  34  2:56  Drone  
  36  3:07  Drone  
  36  3:08  Drone x5  
  42  3:13  Overlord  
  42  3:18  Queen  
  44  3:27  Overlord  
  44  3:32  Drone x4  
  48  3:38  Drone x5  
  53  3:42  Drone  
  54  3:48  Spore Crawler  
  54  3:51  Spore Crawler  
  54  3:52  Drone x4  
  56  3:57  Queen  
  56  4:00  Overlord  
  58  4:05  Spore Crawler  
  57  4:11  Drone  
  57  4:12  Overlord  
  58  4:19  Drone x8  
  66  4:26  Extractor  
  66  4:27  Drone  
  66  4:28  Extractor  
  66  4:29  Roach Warren  
  66  4:30  Drone x5  
  69  4:32  Drone  
  69  4:37  Overlord  
  70  4:38  Lair  
  70  4:40  Drone x2  
  72  4:46  Overlord  
  71  4:53  Zergling x4  
  71  4:54  Overlord, Extractor  
  71  4:56  Zergling x12  
  78  5:06  Overlord  
  78  5:08  Drone  
  78  5:09  Overlord  
  79  5:16  Drone x2  
  79  5:17  Drone  
  79  5:19  Overlord  
  79  5:20  Extractor  
  81  5:22  Roach x8  
  97  5:29  Overlord  
  97  5:34  Extractor  
  97  5:35  Evolution Chamber  
  95  5:37  Drone x6  
  95  5:42  Spire  
  100  5:43  Glial Reconstitution  
  100  5:44  Overlord  
  100  5:46  Drone x5  
  105  5:51  Roach x3  
  111  6:00  Overlord  
  111  6:01  Zerg Missile Weapons Level 1  
  111  6:03  Hatchery  
  110  6:07  Roach x3  
  116  6:18  Overlord  
  113  6:19  Drone x2  
  113  6:21  Drone x6  
  113  6:24  Drone  
  113  6:25  Overlord  
  122  6:28  Overlord  
  122  6:33  Overseer  
  122  6:35  Overlord  
  122  6:36  Extractor  
  122  6:38  Extractor, Roach x4  
  128  6:42  Roach x3  
  133  6:57  Mutalisk  
  133  6:58  Mutalisk x7  
  149  7:01  Mutalisk  
  149  7:05  Overlord  
  151  7:09  Mutalisk  
  151  7:10  Overlord  
  151  7:14  Overlord x2  
  153  7:17  Overlord  
  153  7:21  Overlord  
  153  7:27  Overlord x2  
  153  7:34  Roach x10  
  173  7:39  Roach x4  
  182  7:44  Roach  
  182  7:54  Roach x8  
  198  8:19  Roach x2  
  199  8:37  Infestation Pit  
  199  8:38  Hydralisk Den  
Show
View Real Time Build Order
Export as new Build Order

DisK Protoss 

Build Orders: 1 Gate Expand, Oracle Opening, Phoenix Opening, Archon Immortal, Archon Drop 

Get SALT Encoding   

  12  0:00  Probe  
  13  0:12  Probe  
  14  0:20  Pylon  
  14  0:24  Probe  
  15  0:34  Probe  
  15  0:40  Gateway  
  16  0:42  Probe  
  16  0:48  Assimilator  
  17  0:52  Probe  
  18  1:04  Probe  
  19  1:16  Probe  
  20  1:24  Nexus  
  20  1:28  Probe  
  21  1:38  Cybernetics Core  
  21  1:40  Probe  
  21  1:45  Assimilator  
  22  1:53  Probe  
  23  1:55  Pylon  
  23  2:04  Adept  
  23  2:13  Probe  
  26  2:24  Stargate  
  26  2:25  Probe  
  26  2:29  Warp Gate  
  27  2:34  Adept  
  27  2:35  Probe  
  29  2:39  Probe  
  29  2:43  Probe  
  31  2:47  Probe  
  33  2:52  Probe  
  33  2:53  Gateway  
  34  3:00  Phoenix, Probe  
  34  3:04  Probe  
  36  3:12  Probe  
  39  3:15  Pylon  
  39  3:17  Probe  
  40  3:24  Probe  
  41  3:27  Oracle  
  41  3:30  Probe  
  45  3:35  Assimilator  
  45  3:36  Assimilator  
  45  3:38  Probe  
  46  3:42  Robotics Facility  
  46  3:45  Probe  
  47  3:51  Probe  
  47  3:54  Pylon  
  48  3:55  Twilight Council  
  48  3:59  Probe  
  48  4:00  Probe  
  49  4:07  Probe  
  50  4:13  Gateway, Probe  
  50  4:15  Gateway  
  52  4:19  Probe  
  53  4:25  Warp Prism, Probe  
  53  4:26  Pylon  
  56  4:42  Zealot  
  56  4:43  Zealot  
  56  4:44  Pylon  
  60  4:55  Nexus, Charge  
  60  4:57  Pylon  
  60  5:02  Templar Archives  
  60  5:07  Observer  
  61  5:09  Probe x2  
  63  5:19  Shield Battery  
  63  5:25  Gateway x2  
  63  5:26  Forge  
  63  5:29  Probe  
  64  5:40  Immortal  
  64  5:42  High Templar x4  
  76  5:46  Archon x2  
  76  5:48  Probe x2  
  76  5:49  Protoss Ground Weapons Level 1  
  78  5:56  Pylon  
  78  6:01  Probe  
  79  6:13  Immortal  
  79  6:15  Probe  
  80  6:19  Probe  
  80  6:20  Zealot x2, Sentry  
  80  6:21  Zealot, Sentry  
  80  6:23  Probe  
  96  6:27  Probe x2  
  96  6:31  Probe  
  98  6:32  Assimilator  
  98  6:33  Assimilator  
  98  6:36  Probe  
  98  6:39  Probe  
  101  6:40  Probe  
  101  6:45  Pylon  
  101  6:46  Probe  
  102  6:49  Immortal  
  102  6:51  Stalker  
  102  6:52  Probe x2  
  107  6:57  Pylon  
  107  6:59  Pylon  
  109  7:03  Probe  
  109  7:04  Probe x2  
  112  7:09  Gateway  
  112  7:11  Gateway  
  112  7:14  Gateway  
  112  7:15  Gateway  
  112  7:26  Probe x2  
  112  7:27  Probe  
  112  7:29  Zealot, High Templar x4  
  125  7:30  Zealot  
  125  7:32  Immortal  
  125  7:35  Pylon  
  131  7:44  Photon Cannon  
  131  7:45  Photon Cannon  
  131  7:46  Photon Cannon  
  131  7:51  High Templar  
  131  7:54  High Templar  
  131  7:58  Archon  
  107  8:21  Archon  
  82  8:28  Zealot x4  
  82  8:29  Zealot  
  73  8:36  Zealot x3  
Tags
 
Add a new tag
Caveats
  • Supply blocks, unpowered buildings, or Contaminate may cause inaccurate times.
  • Supply counts are checked every 10 seconds.